 Dungeon Crawl Stone Soup version 0.30-a0-393-g54b8e3be05 (webtiles) character file.

Game seed: 12221076669622220973

342 DeathPants the Vexing (level 6, -1/41 HPs)
             Began as a Vampire Enchanter on Dec 5, 2022.
             Slain by a hound zombie (2 damage)
             ... in an ossuary.
             The game lasted 00:06:02 (2862 turns).

DeathPants the Vexing (Vampire Enchanter)           Turns: 2862, Time: 00:06:02

Health: -1/41      AC:  2    Str:  7    XL:     6   Next: 30%
Magic:  11/11      EV: 13    Int: 17    God:
Gold:   200        SH:  0    Dex: 20    Spells: 6/12 levels left

rFire   + . .      SeeInvis +    b - +11 rapier of the Tired Violins {freeze, rF+ Dex+3}
rCold   . . .      Faith    .    (no shield)
rNeg    . . .      Spirit   .    l - +0 robe
rPois   .          Reflect  .    (no helmet)
rElec   .          Harm     .    (no cloak)
rCorr   .          Rampage  .    (no gloves)
Will    +....                    (no boots)
Stlth   +++.......               (no amulet)
HPRegen 0.46/turn                m - ring of flight
MPRegen 0.12/turn                u - ring of willpower

@: flying, healing quickly
A: alive, fangs 3, see invisible, vampiric 2
a: Exsanguinate


You were in an ossuary.
You visited 1 branch of the dungeon, and saw 5 of its levels.
You also visited: Ossuary.

You collected 200 gold pieces.

Inventory:

Hand Weapons
 a - a +1 dagger
 b - the +11 rapier of the Tired Violins (weapon) {freeze, rF+ Dex+3}
   (You found it on level 2 of the Dungeon)

   It freezes those it strikes, dealing additional cold damage.
   It can also slow down cold-blooded creatures.
   Dex:       It affects your dexterity (+3).
   rF:        It protects you from fire.
Missiles
 e - a throwing net (quivered)
 f - 7 poisoned darts
Armour
 l - a +0 robe (worn)
Jewellery
 m - a ring of flight (left hand)
 u - a ring of willpower (right hand)
Wands
 t - a wand of charming (6)
Scrolls
 i - 3 scrolls of identify {unknown}
 k - 3 scrolls of magic mapping {unknown}
 o - a scroll of noise {unknown}
 p - a scroll of immolation {unknown}
 r - a scroll of fear {unknown}
 v - a scroll of amnesia {unknown}
Potions
 c - 2 potions of invisibility
 d - 3 potions of curing {unknown}
 g - 3 potions of heal wounds {unknown}
 h - a potion of attraction {unknown}
 j - a potion of haste {unknown}
 n - a potion of cancellation {unknown}
 q - a potion of ambrosia {unknown}
 s - a potion of brilliance {unknown}


   Skills:
 + Level 4.1 Short Blades
 - Level 2.1 Dodging
 - Level 4.4 Stealth
 + Level 3.9 Spellcasting
 + Level 6.9 Hexes


You had 6 spell levels left.
You knew the following spells:

 Your Spells              Type           Power      Damage    Failure   Level
a - Confusing Touch       Hex            27%        N/A       2%          3
b - Tukima's Dance        Hex            27%        N/A       2%          3

Your spell library contained the following spells:

 Spells                   Type           Power      Damage    Failure   Level
 Ensorcelled Hibernation  Hex/Ice        30%        N/A       6%          2
 Dazzling Flash           Conj/Hex       30%        N/A       12%         3
 Beastly Appendage        Tmut           6%         N/A       16%         1
 Wereblood                Tmut           3%         N/A       24%         2
 Spider Form              Tmut/Pois      3%         N/A       43%         3


Dungeon Overview and Level Annotations

Branches:
Dungeon (5/15)            Ossuary (1/1)
 Temple: D:4-7

Altars:


Innate Abilities, Weirdness & Mutations

Your natural rate of healing is accelerated.
You have razor-sharp teeth.
You have supernaturally acute eyesight. (SInv)
You are afflicted with vampirism and can become a bat while bloodless.


Message History

The hound zombie barely misses you. The hound zombie closely misses you.
The hound zombie barely misses you.
You hit the adder zombie. Your bite misses the adder zombie.
The adder zombie is moderately damaged.
The hound zombie completely misses you.
The adder zombie bites you but does no damage.
The rat zombie closely misses you. The hound zombie barely misses you.
The hound zombie closely misses you.
You hit the adder zombie.
The adder zombie is severely damaged.
The adder zombie misses you. The hound zombie barely misses you.
The rat zombie closely misses you. The hound zombie closely misses you.
You puncture the adder zombie!
You destroy the adder zombie!
The hound zombie barely misses you. The hound zombie closely misses you.
The rat zombie bites you but does no damage.
The hound zombie attacks as you move away!
The hound zombie bites you. x3
* * * LOW HITPOINT WARNING * * *
The hound zombie completely misses you. The rat zombie misses you.
The hound zombie barely misses you.
The hound zombie attacks as you move away!
The hound zombie bites you.
* * * LOW HITPOINT WARNING * * *
A mummy comes into view.
The hound zombie bites you but does no damage.
The hound zombie barely misses you.
Found a gate leading back out of this place.
The hound zombie attacks as you move away!
The hound zombie bites you.
* * * LOW HITPOINT WARNING * * *
Found 2 murky puce potions and an emerald potion.
The hound zombie bites you.
* * * LOW HITPOINT WARNING * * *
The hound zombie bites you.
* * * LOW HITPOINT WARNING * * *
The hound zombie bites you.
* * * LOW HITPOINT WARNING * * *
The hound zombie bites you.
You die...

################ #####
!#...........∩........
!+............. ......
##.........#####......
........ZZ............
......M@ZZ............
....##...............#
... #...............#
. ..................
...................
....................
#...................
#.........∩∩.......
...............


You could see a mummy, a rat zombie, 2 hound zombies and a gnoll zombie.

Vanquished Creatures
  A black bear (D:5)
  An elf zombie (Ossuary)
  A hound (D:5)
  A jelly (D:4)
  An orc priest (D:4)
  A hound zombie (Ossuary)
  2 adders
  An ufetubus (D:5)
  An adder zombie (Ossuary)
  A worm (D:2)
  A dart slug (D:1)
  2 orcs (D:4)
  5 bats
  5 endoplasms
  2 giant cockroaches
  3 goblins
  6 hobgoblins
  4 jackals (D:1)
  4 kobolds
  2 quokkas (D:3)
  A ball python (D:1)
  4 frilled lizards
  A gnoll zombie (Ossuary)
  A goblin zombie (Ossuary)
  A jackal zombie (Ossuary)
  3 rats
56 creatures vanquished.

Notes
Turn   | Place    | Note
-------+----------+-------------------------------------------
     0 | D:1      | DeathPants the Vampire Enchanter began the quest for the
                  | Orb.
     0 | D:1      | Reached XP level 1. HP: 13/13 MP: 3/3
    85 | D:1      | Reached XP level 2. HP: 19/19 MP: 5/5
   569 | D:1      | Reached skill level 5 in Hexes
   745 | D:2      | Identified the +11 rapier of the Tired Violins {freeze, rF+
                  | Dex+3}
   918 | D:2      | Gained mutation: You are afflicted with vampirism and can
                  | become a bat while bloodless. [Vampire growth]
   918 | D:2      | Reached XP level 3. HP: 24/24 MP: 6/6
   926 | D:2      | Learned a level 3 spell: Confusing Touch
   930 | D:2      | Learned a level 3 spell: Tukima's Dance
  2275 | D:4      | Reached XP level 4. HP: 30/30 MP: 8/8
  2708 | D:5      | Entered Level 5 of the Dungeon
  2709 | D:5      | Noticed a black bear
  2711 | D:5      | Reached skill level 6 in Hexes
  2711 | D:5      | Reached XP level 5. HP: 29/35 MP: 9/9
  2715 | D:5      | Killed a black bear
  2821 | D:5      | Found a sand-covered staircase.
  2825 | Ossuary  | Entered an ossuary
  2839 | Ossuary  | Reached XP level 6. HP: 33/41 MP: 11/11
  2862 | Ossuary  | HP: 1/41 [hound zombie (2)]
  2862 | Ossuary  | Slain by a hound zombie

Illustrated notes

Levels and vault maps discovered:
D:1:      nzn_arrival_crosshair, layout_basic
D:2:      layout_basic, grunt_ministairs_12, minmay_stone_trees_small,
          minmay_misc_feat_square
D:3:      layout_loops_corners, chequers_serial_rivers_micro_e,
          dk_noncrumbling_3
D:4:      layout_loops_ring, minmay_temple_entry_hall, minmay_mini_jars,
          uniq_crazy_yiuf_cottage
D:5:      layout_loops_ring, enter_ossuary_5, chequers_garden
Ossuary:  ossuary_minmay_tomb_2a

Skill      XL: |  1  2  3  4  5  6 |
---------------+-------------------+-----
Short Blades   | 2 3 4 |  4.1
Hexes          | 5 6 |  6.9
Spellcasting   | 3 |  3.9
Dodging        | |  2.1
Stealth        | |  4.4

Action                   |  1- 3 |  4- 6 || total
-------------------------+-------+-------++-------
Melee: Dagger            |    53 |       ||    53
       Bite              |    11 |     3 ||    14
       Rapier            |    34 |    38 ||    72
       Punch             |       |     1 ||     1
 Cast: Confusing Touch   |       |     1 ||     1
 Stab: Sleeping          |    14 |     2 ||    16
       Confused          |       |     1 ||     1
Armor: Robe              |     9 |    21 ||    30
Dodge: Dodged            |    43 |    72 ||   115

Table legend: (Time is in decaauts)
 A = Elapsed time spent in this place.
 B = Non-inter-level travel time spent in this place.
 C = Inter-level travel time spent in this place.
 D = Time resting spent in this place.
 E = Time spent auto-exploring this place.
 F = Levels seen in this place.
 G = Mean time per level.
                   A        B        C        D        E       F      G
               +--------+--------+--------+--------+--------+-----+--------+
         Total |   2862 |   2776 |     86 |    100 |   2140 |   6 |  477.0 |
       Dungeon |   2825 |   2739 |     86 |    100 |   2140 |   5 |  565.0 |
       Ossuary |     36 |     36 |      0 |      0 |      0 |   1 |   36.0 |
               +--------+--------+--------+--------+--------+-----+--------+

Top non-repeatable levels by time:
     D:2: 1059 daAuts
     D:3: 877 daAuts
     D:1: 717 daAuts
     D:5: 117 daAuts
     D:4: 53 daAuts
 Ossuary: 36 daAuts
